 Dungeon Crawl Stone Soup version 0.30.1 (webtiles) character file.

Game seed: 4405840755723428357

874 javelincjr the Caller (level 7, -8/52 HPs)
             Began as a Demonspawn Summoner on July 5, 2023.
             Mangled by Pikel
             ... wielding a +1 whip of electrocution
              (14 damage)
             ... on level 5 of the Dungeon.
             The game lasted 00:22:33 (4389 turns).

javelincjr the Caller (Demonspawn Summoner)         Turns: 4389, Time: 00:22:36

Health: -8/52      AC:  2    Str:  8    XL:     7   Next: 74%
Magic:  6/13       EV: 13    Int: 24    God:
Gold:   255        SH:  0    Dex: 14    Spells: 8/14 levels left

rFire   x . .        y - +2 short sword (vamp)
rCold   + . .        (no shield)
rNeg    . . .        a - +0 robe
rPois   .            (helmet restricted)
rElec   .            (no cloak)
rCorr   .            (no gloves)
SInv    .            (no boots)
Will    .....        d - amulet of the acrobat
Stlth   +++          v - +6 ring of intelligence
HPRegen 0.28/turn    A - ring of ice
MPRegen 0.13/turn

%: acrobat
@: mighty
A: horns 1, foul stench 1, spiny 1
a: no special abilities


You were on level 5 of the Dungeon.
You visited 1 branch of the dungeon, and saw 5 of its levels.

You collected 255 gold pieces.

Inventory:

Hand Weapons
 f - a +0 dagger
 j - a +1 dagger of venom
 y - a +2 vampiric short sword (weapon)
Armour
 a - a +0 robe (worn)
 m - a +0 helmet
Jewellery
 d - an amulet of the acrobat (around neck)
 v - a +6 ring of intelligence (left hand)
 A - a ring of ice (right hand)
Scrolls
 e - 5 scrolls of magic mapping {unknown}
 i - 2 scrolls of vulnerability {unknown}
 k - a scroll of enchant armour {unknown}
 o - 3 scrolls of fog {unknown}
 q - 2 scrolls of amnesia {unknown}
 r - 2 scrolls of poison {unknown}
 t - a scroll of torment {unknown}
 u - a scroll of teleportation {unknown}
 w - 4 scrolls of enchant weapon {unknown}
Potions
 b - 2 potions of magic
 c - 2 potions of brilliance {unknown}
 g - 2 potions of ambrosia {unknown}
 h - a potion of curing {unknown}
 l - a potion of berserk rage {unknown}
 n - 4 potions of degeneration {unknown}
 p - a potion of heal wounds {unknown}
 s - 2 potions of lignification {unknown}
 z - a potion of mutation {unknown}


   Skills:
 + Level 3.6 Fighting
 + Level 4.0 Dodging
 + Level 4.2 Stealth
 + Level 4.0 Spellcasting
 + Level 5.5 Summonings


You had 8 spell levels left.
You knew the following spells:

 Your Spells              Type           Power      Damage    Failure   Level
a - Summon Small Mammal   Summ           100%       N/A       1%          1
b - Call Imp              Summ           62%        N/A       1%          2
c - Call Canine Familiar  Summ           31%        N/A       3%          3

Your spell library contained the following spells:

 Spells                   Type           Power      Damage    Failure   Level
 Magic Dart               Conj           16%        1d3       10%         1
 Summon Guardian Golem    Hex/Summ       18%        N/A       10%         3
 Mephitic Cloud           Conj/Pois/Air  4%         N/A       28%         3
 Summon Lightning Spire   Summ/Air       18%        N/A       30%         4
 Anguish                  Hex/Necr       2%         N/A       67%         4
 Cause Fear               Hex            2%         N/A       67%         4
 Enfeeble                 Hex            2%         N/A       100%        7


Dungeon Overview and Level Annotations

Branches:
Dungeon (5/15)
 Temple: D:4-7

Altars:
Hepliaklqana
Makhleb
Nemelex Xobeh
Vehumet

Shops:
D:1 (   D:2 [   D:4 ?

Annotations:
D:5 Fractals's ghost, amateur MfGl; Pikel


Innate Abilities, Weirdness & Mutations

You have a pair of small horns on your head.
You may rarely emit foul miasma when damaged in melee.
You are partially covered in sharp spines.


Message History

Something closely misses your cerulean imp.
The lemure hits your cerulean imp!
Your cerulean imp dies!
Your cerulean imp disappears in a puff of smoke!
Pikel closely misses you.
You hear a shout!
You completely miss Pikel. You headbutt Pikel, but do no damage.
Pikel is lightly wounded.
Your hound closely misses Pikel.
Pikel drinks a potion.
Pikel seems to grow stronger.
The lemure hits your hound!
Casting: Call Canine Familiar (dangerous; 3% risk of failure)
Confirm with . or Enter, or press ? or * to list all spells.
A tiny devil pulls itself out of the air.
Your hound bites Pikel but does no damage.
A lemure comes into view.
Pikel says, "Hell isn't that bad."
Pikel barely misses you.
Your hound closely misses Pikel.
The lemure hits your hound!
Your hound dies!
Your hound's corpse disappears in a puff of smoke!
The lemure closely misses your cerulean imp.
Casting: Call Imp (safe; 1% risk of failure)
Confirm with . or Enter, or press ? or * to list all spells.
Pikel hits you with a +1 whip of electrocution!
You are electrocuted!
* * * LOW HITPOINT WARNING * * *
The lemure completely misses your cerulean imp.
Your cerulean imp barely misses the lemure.
The lemure closely misses your hound.
Your hound barely misses Pikel.
The lemure barely misses your cerulean imp.
Your cerulean imp barely misses the lemure.
Pikel says, "You'll feel the lick of my whip!"
You feel very mighty all of a sudden.
Your hound closely misses Pikel.
The lemure barely misses your cerulean imp.
Your cerulean imp hits the lemure with a -1 spear.
Your hound bites Pikel.
Pikel hits you with a +1 whip of electrocution!
You die...

....#..#..#.# #...#.#
###.#.......# #...#.#
#.#.....#.# #.....#
#.#..##.#.# #####.))).# .
#.......#.###...).).#..h.#
###........##.##......##{#
...#.####.5##.##.#.#..# ..
.#.#......55h)........# ..
...........5K@......... #
....#########.......##.
#... #..!o.W #....<..# .#
#..W|$..#.........
.#.#...#.#..#..#.##
..#..#.#..#..#.....
..#.#...#.#....##. ..#


You could see Pikel (strong, ally target), 3 lemures, a friendly hound
(summoned) and a friendly cerulean imp (summoned).

Vanquished Creatures
  Prince Ribbit (D:5)
  A centaur (D:5)
  A scorpion (D:5)
  2 jellies (D:4)
  2 orc wizards (D:5)
  4 adders
  3 gnolls (D:2)
  A dart slug (D:4)
  3 orcs (D:5)
  7 ball pythons
  6 endoplasms
  4 giant cockroaches
  9 goblins
  6 hobgoblins
  3 quokkas
  6 bats
  2 frilled lizards
  4 kobolds
  7 rats
72 creatures vanquished.

Vanquished Creatures (collateral kills)
  Sigmund (D:5)
  A phantom (D:5)
  A lemure (D:5)
  A jelly (D:5)
  A gnoll (D:2)
  An adder (D:4)
  2 worms
  A dart slug (D:3)
  2 endoplasms
  A giant cockroach (D:1)
  3 goblins
  A hobgoblin (D:4)
  A jackal (D:2)
  A quokka (D:4)
  A ball python (D:2)
  3 bats
  2 frilled lizards
  2 kobolds
  7 rats
33 creatures vanquished.

Grand Total: 105 creatures vanquished

Notes
Turn   | Place    | Note
-------+----------+-------------------------------------------
     0 | D:1      | javelincjr the Demonspawn Summoner began the quest for the
                  | Orb.
     0 | D:1      | Reached XP level 1. HP: 13/13 MP: 3/3
   275 | D:1      | Gained mutation: You may rarely emit foul miasma when
                  | damaged in melee. [demonic ancestry]
   275 | D:1      | Reached XP level 2. HP: 19/19 MP: 5/5
   295 | D:1      | Learned a level 2 spell: Call Imp
   931 | D:1      | Found Fotampel's Antique Weapon Boutique.
  1146 | D:2      | Reached XP level 3. HP: 12/25 MP: 1/6
  1152 | D:2      | Reached skill level 1 in Fighting
  1313 | D:2      | Found a radiant altar of Vehumet.
  1454 | D:2      | Gained mutation: You are partially covered in sharp spines.
                  | [demonic ancestry]
  1454 | D:2      | Reached XP level 4. HP: 28/32 MP: 7/7
  1563 | D:2      | Found Nyat's Antique Armour Shop.
  1752 | D:2      | Found a faded altar of an unknown god.
  2427 | D:3      | Reached XP level 5. HP: 38/38 MP: 5/9
  2837 | D:3      | Found a burning altar of Makhleb.
  2837 | D:3      | Noticed a blizzard demon
  2859 | D:3      | Noticed a smoke demon
  2859 | D:3      | Noticed a ynoxinul
  3080 | D:4      | Found a hazy altar of Hepliaklqana.
  3144 | D:4      | Found Veosmew's Magic Scroll Shop.
  3335 | D:4      | Found a sparkling altar of Nemelex Xobeh.
  3369 | D:4      | Learned a level 3 spell: Call Canine Familiar
  3874 | D:5      | Entered Level 5 of the Dungeon
  3905 | D:5      | Noticed a phantom
  3915 | D:5      | Noticed Sigmund
  3923 | D:5      | Killed a phantom
  3924 | D:5      | Gained mutation: You have a pair of small horns on your
                  | head. [demonic ancestry]
  3924 | D:5      | Reached XP level 6. HP: 43/46 MP: 2/10
  4013 | D:5      | Killed Sigmund
  4014 | D:5      | Reached skill level 5 in Summonings
  4065 | D:5      | Noticed Fractals's ghost (amateur MfGl)
  4085 | D:5      | Reached XP level 7. HP: 51/51 MP: 7/12
  4307 | D:5      | Noticed Prince Ribbit
  4324 | D:5      | Killed Prince Ribbit
  4373 | D:5      | Noticed Pikel
  4389 | D:5      | Mangled by Pikel

Illustrated notes

Levels and vault maps discovered:
D:1:      dpeg_arrival_ratfight, layout_basic, serial_shops, shop
D:2:      minmay_angry_zag, layout_basic, chequers_ecumenical_altar_simple,
          serial_shops, shop, basic_altar, serial_bayou_pond_b
D:3:      layout_basic, makhleb_altar_promises_db
D:4:      layout_gridville, nzn_hepliaklqana_mist_gate, lemuel_tele_altar,
          serial_shops, nicolae_shop_hallway_stairs,
          hangedman_decor_clover_reticule
D:5:      layout_loops_cross, mainiacjoe_overflow_big_doors,
          gammafunk_ghost_split, minmay_diced_spiral, uniq_pikel,
          uniq_prince_ribbit1, uniq_sigmund, uniq_ijyb

Skill      XL: |  1  2  3  4  5  6  7 |
---------------+----------------------+-----
Stealth        | 2 3 4 |  4.2
Dodging        | 2 3 4 |  4.0
Fighting       | 1 2 3 |  3.6
Spellcasting   | 3 4 |  4.0
Summonings     | 5 |  5.5

Action                     |  1- 3 |  4- 6 |  7- 9 || total
---------------------------+-------+-------+-------++-------
  Melee: Unarmed           |    13 |       |       ||    13
         Dagger            |    55 |    81 |       ||   136
         Punch             |     1 |       |       ||     1
         Short sword       |       |    15 |    15 ||    30
         Headbutt          |       |     1 |     6 ||     7
   Cast: Summon Small Mamm |    24 |    13 |     1 ||    38
         Call Imp          |    17 |    32 |     5 ||    54
         Call Canine Famil |       |     6 |     5 ||    11
    Use: Potion            |       |       |     1 ||     1
   Stab: Sleeping          |     1 |     1 |       ||     2
 Armour: Robe              |    16 |    19 |     2 ||    37
  Dodge: Dodged            |    66 |    76 |    15 ||   157
